 Dungeon Crawl Stone Soup version 0.23.2 (webtiles) character file.

Game seed: 1741514707555956998

2734 Marnok the Cutter (level 9, -1/80 HPs)
             Began as a Deep Dwarf Artificer on Apr 3, 2019.
             Was a Believer of Elyvilon.
             Slain by a redback (11 damage)
             ... summoned by a deep elf mage
             ... on level 6 of the Dungeon.
             The game lasted 00:24:22 (4760 turns).

Marnok the Cutter (Deep Dwarf Artificer)            Turns: 4760, Time: 00:24:25

Health: -1/80      AC:  7    Str: 23    XL:     9   Next: 40%
Magic:  11/11      EV:  7    Int: 13    God:    Elyvilon [**....]
Gold:   257        SH:  0    Dex: 13    Spells: 8/8 levels left

rFire    . . .     SeeInvis .   l - +4 dagger (venom)
rCold    . . .     Gourm    .   (no shield)
rNeg     . . .     Faith    +   y - +2 robe {MR+}
rPois    +         Spirit   .   t - +0 helmet
rElec    .         Reflect  .   J - +1 cloak
rCorr    .         Harm     .   (no gloves)
MR       ++...                  (no boots)
Stlth    ++........             F - amulet of faith
HPRegen  0.00/turn              h - +5 ring of strength
MPRegen  0.12/turn              i - ring of poison resistance

@: held, non-regenerating, lightly drained
A: damage resistance, heal wounds, sense surroundings 2, no regeneration
a: Heal Wounds, Lesser Healing, Heal Other, Divine Protection, Renounce Religion


You were on level 6 of the Dungeon.
You worshipped Elyvilon.
Elyvilon was pleased with you.
You were not hungry.

You visited 1 branch of the dungeon, and saw 6 of its levels.

You collected 257 gold pieces.

Inventory:

Hand Weapons
 g - a +2 short sword of electrocution
 l - a +4 dagger of venom (weapon)
 u - a +2 halberd of freezing
 w - a +2 antimagic trident
 x - a +2 rapier of draining
Armour
 t - a +0 helmet (worn)
 y - a +2 robe of magic resistance (worn)
 J - a +1 cloak (worn)
Jewellery
 h - a +5 ring of strength (left hand)
 i - a ring of poison resistance (right hand)
 k - an uncursed ring of wizardry
 E - an uncursed ring of protection from fire
 F - an amulet of faith (around neck)
 G - an uncursed amulet of harm {unknown}
Wands
 b - a wand of iceblast (10)
 c - a wand of flame (15)
 d - a wand of enslavement (15)
 e - a wand of random effects (15)
 I - a wand of paralysis (9)
Scrolls
 m - 2 scrolls of amnesia
 p - a scroll of magic mapping
 s - a scroll of teleportation
 v - a scroll of noise
 D - 4 scrolls of identify
 K - a scroll of fear
Potions
 j - a potion of degeneration {unknown}
 n - 2 potions of lignification
 o - a potion of magic {unknown}
 q - 2 potions of haste
 r - a potion of curing
 z - a potion of ambrosia {unknown}
 A - a potion of berserk rage {unknown}
 B - a potion of resistance {unknown}
 C - a potion of flight {unknown}
Comestibles
 f - 10 rations
 H - 3 chunks of flesh


   Skills:
 + Level 4.8(4.3) Fighting
 + Level 7.1(6.5) Short Blades
 + Level 5.7(5.1) Armour
 + Level 5.5(4.9) Dodging
 + Level 2.7(2.2) Stealth
 + Level 4.7(4.1) Invocations
 + Level 5.3(4.7) Evocations


You had 8 spell levels left.
You didn't know any spells.
Your spell library contained the following spells:

 Spells                   Type           Power        Failure   Level  Hunger
 Freeze                   Ice            #...         30%         1    ##.....
 Throw Frost              Conj/Ice       #.....       43%         2    ###....
 Ozocubu's Armour         Chrm/Ice       #.......     67%         3    ####...
 Summon Ice Beast         Ice/Summ       #.......     97%         4    #####..
 Throw Icicle             Conj/Ice       #.......     97%         4    #####..


Dungeon Overview and Level Annotations

Branches:
Dungeon (6/15)             Temple (0/1) D:4

Altars:
Ashenzari
Cheibriados
Elyvilon
Kikubaaqudgha
Sif Muna
Uskayaw
Vehumet
Wu Jian
Yredelemnul
Zin
The Shining One

Shops:
D:4 }


Innate Abilities, Weirdness & Mutations

You are resistant to damage.
You can heal yourself by infusing magical energy.
You passively map the area around you.
You do not regenerate.


Message History

You are confused.
The jumping spider misses you.
The jumping spider bites you but does no damage.
The redback bites you! The hell rat bites you!
You feel drained. The tarantella bites you!
* * * LOW HITPOINT WARNING * * *
You are more confused.
The jumping spider pounces on you but does no damage.
The jumping spider bites you.
* * * LOW HITPOINT WARNING * * *
You're too confused!
You're too confused!
You feel better. The redback bites you!
* * * LOW HITPOINT WARNING * * *
The tarantella completely misses you. The jumping spider pounces on you.
* * * LOW HITPOINT WARNING * * *
You are caught in a web!
The jumping spider bites you but does no damage.
The redback bites you!
You die...

#.# #.# #.# ######[#
##.# ##......##
#..####..####..#
#..............#
#.###########..#
#.#..r!..+..#..#
#.#..ss..+..#..#
#.#.s@er$+..#..#
#.#..#+++#..#..#
#.#..#...#..#..#
#.#..#..?#..#..#
#.#..#...#..#..#
#.#..#...#..#..#
#.#..#...#..#..# #
#.#..8...8..#..#####
#
#..................#
#


You could see a deep elf mage, a jumping spider, a tarantella, a redback and 2
hell rats.

Vanquished Creatures
  Prince Ribbit (D:5)
  Sigmund (D:3)
  Eustachio (D:5)
  Edmund (D:5)
  Duvessa (D:4)
  2 sky beasts
  2 phantoms
  A necrophage (D:3)
  An ogre (D:4)
  3 centaurs
  A bullfrog (D:6)
  Dowan (D:4)
  2 scorpions
  5 killer bees (D:6)
  A howler monkey (D:4)
  A crimson imp (D:5)
  A bullfrog skeleton (D:5)
  A hound (D:6)
  A jelly (D:6)
  An orc priest (D:5)
  An iguana (D:5)
  Jessica (D:3)
  Ijyb (D:5)
  Terence (D:3)
  6 orc wizards
  3 worker ants (D:5)
  A hound zombie (D:6)
  Robin (D:2)
  4 gnolls (D:4)
  9 adders
  4 shadow imps
  4 oozes
  An adder skeleton (D:4)
  5 worms
  4 dart slugs
  2 leopard geckos
  20 orcs
  A ball python (D:2)
  8 bats
  5 giant cockroaches
  13 goblins
  5 hobgoblins
  3 jackals (D:1)
  3 quokkas
  A ball python zombie (D:5)
  3 frilled lizards
  6 kobolds
  6 rats
151 creatures vanquished.

Notes
Turn   | Place    | Note
-------+----------+-------------------------------------------
     0 | D:1      | Marnok the Deep Dwarf Artificer began the quest for the
                  | Orb.
     0 | D:1      | Reached XP level 1. HP: 16/16 MP: 3/3
   186 | D:1      | Reached XP level 2. HP: 24/24 MP: 5/5
   635 | D:2      | Reached skill level 5 in Evocations
   640 | D:2      | Found a shattered altar of Ashenzari.
   672 | D:2      | Reached skill level 1 in Short Blades
   717 | D:2      | Noticed Robin
   718 | D:2      | Reached XP level 3. HP: 30/30 MP: 6/6
   738 | D:2      | Killed Robin
   760 | D:2      | Reached skill level 1 in Fighting
   761 | D:2      | HP: 1/31 [poisoned by a goblin]
  1251 | D:2      | Found a snail-covered altar of Cheibriados.
  1265 | D:2      | Reached XP level 4. HP: 34/38 MP: 7/7
  1434 | D:2      | Found a glowing silver altar of Zin.
  1437 | D:2      | Found an ornate altar of the Wu Jian Council.
  1438 | D:2      | Found a white marble altar of Elyvilon.
  1439 | D:2      | Found a hide-covered altar of Uskayaw.
  1439 | D:2      | Found a radiant altar of Vehumet.
  1440 | D:2      | Found a deep blue altar of Sif Muna.
  1447 | D:2      | Became a worshipper of Elyvilon the Healer
  1450 | D:2      | Found a glowing golden altar of the Shining One.
  1451 | D:2      | Found an ancient bone altar of Kikubaaqudgha.
  1614 | D:3      | Noticed Sigmund
  1623 | D:3      | Reached skill level 1 in Armour
  1645 | D:3      | Killed Sigmund
  1645 | D:3      | Reached skill level 2 in Short Blades
  1645 | D:3      | Reached XP level 5. HP: 45/45 MP: 8/8
  1756 | D:3      | Noticed Jessica
  1761 | D:3      | Killed Jessica
  1879 | D:3      | Noticed Terence
  1892 | D:3      | Killed Terence
  1892 | D:3      | Reached skill level 3 in Short Blades
  1892 | D:3      | Reached XP level 6. HP: 26/52 MP: 9/9
  2214 | D:3      | Reached * piety under Elyvilon
  2661 | D:4      | Found Qetihest's Gadget Shoppe.
  2709 | D:4      | Found a basalt altar of Yredelemnul.
  2718 | D:4      | Reached XP level 7. HP: 61/61 MP: 10/10
  2753 | D:4      | Reached skill level 4 in Short Blades
  2769 | D:4      | Found a staircase to the Ecumenical Temple.
  3037 | D:4      | Noticed Duvessa
  3082 | D:4      | Killed Duvessa
  3082 | D:4      | Reached skill level 5 in Armour
  3082 | D:4      | Reached skill level 1 in Invocations
  3098 | D:4      | Noticed Dowan
  3113 | D:4      | Killed Dowan
  3113 | D:4      | Reached skill level 5 in Short Blades
  3380 | D:5      | Entered Level 5 of the Dungeon
  3409 | D:5      | Reached XP level 8. HP: 68/68 MP: 11/11
  3466 | D:5      | Noticed Edmund
  3467 | D:5      | Reached ** piety under Elyvilon
  3480 | D:5      | Killed Edmund
  3493 | D:5      | Noticed Prince Ribbit
  3494 | D:5      | Noticed Eustachio
  3516 | D:5      | Killed Prince Ribbit
  3550 | D:5      | Killed Eustachio
  3550 | D:5      | Reached skill level 6 in Short Blades
  4062 | D:5      | Noticed Ijyb
  4077 | D:5      | Killed Ijyb
  4134 | D:5      | Gained mutation: You passively map the area around you.
                  | [Deep Dwarf growth]
  4134 | D:5      | Reached XP level 9. HP: 59/78 MP: 11/11
  4432 | D:6      | Reached skill level 5 in Dodging
  4549 | D:6      | Reached skill level 7 in Short Blades
  4754 | D:6      | Noticed a deep elf mage
  4756 | D:6      | Noticed a jumping spider
  4760 | D:6      | Slain by a redback

Skill      XL: |  1  2  3  4  5  6  7  8  9 |
---------------+----------------------------+-----
Evocations     | 5 |  5.3
Short Blades   | 1 2 3 5 6 7 |  7.1
Fighting       | 1 2 4 |  4.8
Armour         | 2 4 5 |  5.7
Dodging        | 3 4 5 |  5.5
Invocations    | 1 3 4 |  4.7
Stealth        | 2 |  2.7

Action                   |  1- 3 |  4- 6 |  7- 9 || total
-------------------------+-------+-------+-------++-------
Melee: Short sword       |   110 |       |       ||   110
       Dagger            |    24 |   154 |   389 ||   567
Invok: Lesser Healing    |       |     3 |    45 ||    48
 Abil: Heal Wounds       |     2 |     2 |     6 ||    10
  Use: Scroll            |     4 |     8 |     4 ||    16
       Potion            |     2 |     1 |     2 ||     5
 Stab: Sleeping          |     1 |       |     1 ||     2
  Eat: Chunk             |     1 |     5 |    14 ||    20
Armor: Chain mail        |    55 |    75 |    48 ||   178
       Leather armour    |     3 |       |       ||     3
       Skin              |    55 |       |       ||    55
       Robe              |       |       |    44 ||    44
Dodge: Dodged            |    51 |    66 |   183 ||   300
